TOP OF THE 1ST |
Bakersfield Nobles batting - Pitching for Syracuse Starks : RHP Steve Ward
|
Pitching: RHP Steve Ward
|
|
Batting: LHB Allen Dowiyogo
|
0-0: Ball 1-0: Foul Ball, location: 2F 1-1: Ground out 6-3 (Groundball, 56, EV 94.4 MPH)
|
Batting: RHB Xue-liang Ci
|
0-0: Fly out, F9 (Flyball, 9D, EV 88.8 MPH)
|
Batting: SHB José Altagracia
|
0-0: Foul Ball, location: 2F 0-1: Called Strike 0-2: Foul Ball, location: 2F 0-2: Ball 1-2: Ball 2-2: Strikes out swinging
|
Top of the 1st over - 0 runs, 0 hits, 0 errors, 0 left on base; Bakersfield 0 - Syracuse 0 |
BOTTOM OF THE 1ST |
Syracuse Starks batting - Pitching for Bakersfield Nobles : RHP Dave Pickett
|
Pitching: RHP Dave Pickett
|
|
Batting: RHB William Penn
|
0-0: Ball 1-0: Ground out 5-3 (Groundball, 56, EV 108.1 MPH)
|
Batting: RHB Olvido Doesburg
|
0-0: Ball 1-0: Swinging Strike 1-1: Called Strike 1-2: Foul Ball, location: 2F 1-2: Strikes out swinging
|
Batting: SHB Bill Gatacre
|
0-0: Ground out 6-3 (Groundball, 6, EV 87.5 MPH)
|
Bottom of the 1st over - 0 runs, 0 hits, 0 errors, 0 left on base; Bakersfield 0 - Syracuse 0 |
TOP OF THE 2ND |
Bakersfield Nobles batting - Pitching for Syracuse Starks : RHP Steve Ward
|
Batting: RHB Gilberto Silva
|
0-0: Swinging Strike 0-1: Ball 1-1: Ground out 5-3 (Groundball, 5S, EV 89.4 MPH)
|
Batting: RHB Kelsey Pérez
|
0-0: Ball 1-0: Ball 2-0: SINGLE (Line Drive, 34, EV 96.2 MPH)
|
Batting: LHB Brian Neame
|
0-0: Ball 1-0: Foul Ball, location: 2F 1-1: Hit by Pitch Kelsey Pérez to second
|
Batting: RHB José Gonzáles
|
0-0: Swinging Strike 0-1: Ball 1-1: Called Strike 1-2: Ball 2-2: Ball 3-2: Strikes out swinging
|
Batting: LHB Ernesto Valenzuela
|
0-0: Foul Ball, location: 2F 0-1: Foul Ball, location: 2F 0-2: Ball 1-2: Ball 2-2: SINGLE (Line Drive, 4M, EV 104.4 MPH) Kelsey Pérez to third Brian Neame to second Runner from 3rd tries for Home, SAFE, throw by CF to home
|
Batting: SHB Dave Scott
|
0-0: Ball 1-0: SINGLE (Groundball, 25, EV 68.8 MPH) (infield hit) Brian Neame to third Ernesto Valenzuela to second
|
Batting: LHB Allen Dowiyogo
|
0-0: Swinging Strike 0-1: Called Strike 0-2: Foul Ball, location: 2F 0-2: Ball 1-2: Strikes out swinging
|
Top of the 2nd over - 1 run, 3 hits, 0 errors, 3 left on base; Bakersfield 1 - Syracuse 0 |
BOTTOM OF THE 2ND |
Syracuse Starks batting - Pitching for Bakersfield Nobles : RHP Dave Pickett
|
Batting: RHB Allan Callejo
|
0-0: Ball 1-0: Ball 2-0: Called Strike 2-1: Fly out, F9 (Flyball, 9LD, EV 98.1 MPH)
|
Batting: RHB Eldon Church
|
0-0: Ball 1-0: Foul Ball, location: 2F 1-1: Called Strike 1-2: Ball 2-2: Foul Ball, location: 2F 2-2: Foul Ball, location: 2F 2-2: Foul Ball, location: 2F 2-2: Ball 3-2: Foul Ball, location: 2F 3-2: Fly out, F7 (Flyball, 78S, EV 71.2 MPH)
|
Batting: RHB Byron Ballard
|
0-0: Called Strike 0-1: Ball 1-1: Foul Ball, location: 2F 1-2: Ball 2-2: Fly out, F8 (Flyball, 8LS, EV 72.5 MPH)
|
Bottom of the 2nd over - 0 runs, 0 hits, 0 errors, 0 left on base; Bakersfield 1 - Syracuse 0 |
TOP OF THE 3RD |
Bakersfield Nobles batting - Pitching for Syracuse Starks : RHP Steve Ward
|
Batting: RHB Xue-liang Ci
|
0-0: Ball 1-0: Ball 2-0: Called Strike 2-1: Fly out, F8 (Line Drive, 8LS, EV 95.6 MPH)
|
Batting: SHB José Altagracia
|
0-0: Ball 1-0: Swinging Strike 1-1: Ball 2-1: Fly out, F9 (Line Drive, 89M, EV 91.9 MPH)
|
Batting: RHB Gilberto Silva
|
0-0: Hit by Pitch
|
Batting: RHB Kelsey Pérez
|
0-0: Called Strike 0-1: Ball 1-1: DOUBLE (Line Drive, 89D, EV 93.1 MPH) Gilberto Silva to third Runner from 3rd tries for Home, SAFE, throw by RF to trailing runner, OUT at third! 9-3-5
|
Top of the 3rd over - 1 run, 1 hit, 0 errors, 0 left on base; Bakersfield 2 - Syracuse 0 |
BOTTOM OF THE 3RD |
Syracuse Starks batting - Pitching for Bakersfield Nobles : RHP Dave Pickett
|
Batting: RHB Bob Bray
|
0-0: Ball 1-0: Ball 2-0: Called Strike 2-1: Ball 3-1: Called Strike 3-2: Base on Balls
|
Batting: RHB Ramiro Rivera
|
0-0: Ball 1-0: Called Strike Bob Bray steals 2nd base 1-1: Ground out 3-1 (Groundball, 34, EV 90.6 MPH) Bob Bray to third
|
Batting: RHB Jesús Odilia
|
0-0: Ball 1-0: Ball 2-0: Ball 3-0: Base on Balls
|
Batting: RHB William Penn
|
0-0: Ball 1-0: Ball 2-0: Foul Ball, location: 2F 2-1: Swinging Strike 2-2: Ball 3-2: Base on Balls Jesús Odilia to second
|
Batting: RHB Olvido Doesburg
|
0-0: Ball 1-0: Ball 2-0: Swinging Strike 2-1: Ball 3-1: Called Strike 3-2: Base on Balls Bob Bray scores Jesús Odilia to third William Penn to second
|
Batting: SHB Bill Gatacre
|
0-0: Ball 1-0: Ball 2-0: Ball 3-0: Called Strike 3-1: Fly out, F9 (Flyball, 9D, EV 105.6 MPH) Runner from 3rd tags up, SCORES, throw by RF William Penn to third
|
Batting: RHB Allan Callejo
|
0-0: Ball 1-0: Ball 2-0: Called Strike 2-1: Ball 3-1: Swinging Strike 3-2: Foul Ball, location: 2F 3-2: Strikes out swinging
|
Bottom of the 3rd over - 2 runs, 0 hits, 0 errors, 2 left on base; Bakersfield 2 - Syracuse 2 |
TOP OF THE 4TH |
Bakersfield Nobles batting - Pitching for Syracuse Starks : RHP Steve Ward
|
Batting: LHB Brian Neame
|
0-0: Called Strike 0-1: Foul Ball, location: 2F 0-2: Ball 1-2: Foul Ball, location: 2F 1-2: Ball 2-2: Ground out 5-3 (Groundball, 56S, EV 81.9 MPH)
|
Batting: RHB José Gonzáles
|
0-0: Called Strike 0-1: Swinging Strike 0-2: Ball 1-2: Foul Ball, location: 2F 1-2: Strikes out swinging
|
Batting: LHB Ernesto Valenzuela
|
0-0: Ground out 6-3 (Groundball, 6, EV 101.2 MPH)
|
Top of the 4th over - 0 runs, 0 hits, 0 errors, 0 left on base; Bakersfield 2 - Syracuse 2 |
BOTTOM OF THE 4TH |
Syracuse Starks batting - Pitching for Bakersfield Nobles : RHP Dave Pickett
|
Batting: RHB Eldon Church
|
0-0: Swinging Strike 0-1: Ground out 6-3 (Groundball, 6, EV 98.8 MPH)
|
Pitching: RHP Victor Jones
|
|
Batting: RHB Byron Ballard
|
0-0: Ball 1-0: Foul Ball, location: 2F 1-1: SINGLE (Groundball, 4MD, EV 95.6 MPH)
|
Batting: RHB Bob Bray
|
0-0: Called Strike 0-1: Grounds into double play, 5-4-3 (Groundball, 56S, EV 83.1 MPH)
|
Bottom of the 4th over - 0 runs, 1 hit, 0 errors, 0 left on base; Bakersfield 2 - Syracuse 2 |
TOP OF THE 5TH |
Bakersfield Nobles batting - Pitching for Syracuse Starks : RHP Steve Ward
|
Batting: SHB Dave Scott
|
0-0: Ball 1-0: Foul Ball, location: 2F 1-1: Swinging Strike 1-2: Strikes out looking
|
Batting: LHB Allen Dowiyogo
|
0-0: Called Strike 0-1: Called Strike 0-2: Ground out 6-3 (Groundball, 6M, EV 88.8 MPH)
|
Batting: RHB Xue-liang Ci
|
0-0: SINGLE (Line Drive, 78S, EV 94.4 MPH)
|
Batting: SHB José Altagracia
|
0-0: Called Strike 0-1: DOUBLE (Line Drive, 7LS, EV 110.0 MPH) Xue-liang Ci to third Runner from 3rd tries for Home, SAFE, no throw by LF
|
Batting: RHB Gilberto Silva
|
0-0: Intentional Walk
|
Batting: RHB Kelsey Pérez
|
0-0: Ball 1-0: Foul Ball, location: 2F 1-1: Foul Ball, location: 2F 1-2: Fly out, F9 (Flyball, 89M, EV 88.8 MPH)
|
Top of the 5th over - 1 run, 2 hits, 0 errors, 2 left on base; Bakersfield 3 - Syracuse 2 |
BOTTOM OF THE 5TH |
Syracuse Starks batting - Pitching for Bakersfield Nobles : RHP Victor Jones
|
Batting: RHB Ramiro Rivera
|
0-0: Ball 1-0: Foul Ball, location: 2F 1-1: Called Strike 1-2: Strikes out looking
|
Batting: RHB Jesús Odilia
|
0-0: Ball 1-0: Ball 2-0: Ball 3-0: Base on Balls
|
Batting: RHB William Penn
|
0-0: Ball 1-0: Foul Ball, location: 2F 1-1: Called Strike 1-2: Ball 2-2: Strikes out swinging
|
Batting: RHB Olvido Doesburg
|
0-0: Foul Ball, location: 2F 0-1: Ball 1-1: Swinging Strike 1-2: Strikes out swinging
|
Bottom of the 5th over - 0 runs, 0 hits, 0 errors, 1 left on base; Bakersfield 3 - Syracuse 2 |
TOP OF THE 6TH |
Bakersfield Nobles batting - Pitching for Syracuse Starks : RHP Steve Ward
|
Batting: LHB Brian Neame
|
0-0: Called Strike 0-1: Ground out 3-1 (Groundball, 34S, EV 78.1 MPH)
|
Batting: RHB José Gonzáles
|
0-0: Ball 1-0: Called Strike 1-1: Ball 2-1: Ball 3-1: Fly out, F9 (Flyball, 89M, EV 85.6 MPH)
|
Batting: LHB Ernesto Valenzuela
|
0-0: Called Strike 0-1: Ball 1-1: Foul Ball, location: 2F 1-2: Ball 2-2: Foul Ball, location: 2F 2-2: Ball 3-2: Foul Ball, location: 2F 3-2: Foul Ball, location: 2F 3-2: Base on Balls
|
Pitching: LHP Jake Mitchell
|
|
Batting: SHB Dave Scott
|
0-0: Called Strike 0-1: Swinging Strike 0-2: Ball 1-2: Ball Wild Pitch! Ernesto Valenzuela to second 2-2: Foul Ball, location: 2F 2-2: Strikes out swinging
|
Top of the 6th over - 0 runs, 0 hits, 0 errors, 1 left on base; Bakersfield 3 - Syracuse 2 |
BOTTOM OF THE 6TH |
Syracuse Starks batting - Pitching for Bakersfield Nobles : RHP Victor Jones
|
Batting: SHB Bill Gatacre
|
0-0: Ball 1-0: Foul Ball, location: 2F 1-1: Foul Ball, location: 2F 1-2: Ball 2-2: Hit by Pitch
|
Batting: RHB Allan Callejo
|
0-0: Ball 1-0: Fly out, F6 (Popup, 6M, EV 53.1 MPH)
|
Pinch Hitting: LHB Sam Bickerton
|
0-0: Foul Ball, location: 2F 0-1: Called Strike 0-2: Ball 1-2: DOUBLE (Line Drive, 78D, EV 105.6 MPH) Bill Gatacre to third
|
Batting: RHB Byron Ballard
|
0-0: Called Strike 0-1: Ball 1-1: Ball 2-1: Foul Ball, location: 2F 2-2: DOUBLE (Line Drive, 78XD, EV 105.0 MPH) Bill Gatacre scores Sam Bickerton scores
|
Batting: RHB Bob Bray
|
0-0: SINGLE (Groundball, 4MD, EV 95.0 MPH) Byron Ballard to third
|
Batting: RHB Ramiro Rivera
|
0-0: Ball 1-0: Ball 2-0: Called Strike 2-1: Swinging Strike 2-2: Foul Ball, location: 2F 2-2: Strikes out swinging
|
Pitching: RHP Armando Moreno
|
|
Batting: RHB Jesús Odilia
|
0-0: Ball 1-0: Fly out, F3 (Popup, 3S, EV 80.0 MPH)
|
Bottom of the 6th over - 2 runs, 3 hits, 0 errors, 2 left on base; Bakersfield 3 - Syracuse 4 |
TOP OF THE 7TH |
Bakersfield Nobles batting - Pitching for Syracuse Starks : LHP Jake Mitchell
|
Now at 3B: Jeffrey Sparks
|
|
Now in RF: Sam Bickerton
|
|
Pinch Hitting: RHB Orlando Figoroa
|
0-0: Ball 1-0: Fly out, F9 (Line Drive, 9LM, EV 93.8 MPH)
|
Batting: RHB Xue-liang Ci
|
0-0: Ball 1-0: Ball 2-0: Ground out 4-3 (Groundball, 4, EV 78.8 MPH)
|
Batting: SHB José Altagracia
|
0-0: Swinging Strike 0-1: Ball 1-1: Ball 2-1: Ground out 6-3 (Groundball, 56D, EV 85.0 MPH)
|
Top of the 7th over - 0 runs, 0 hits, 0 errors, 0 left on base; Bakersfield 3 - Syracuse 4 |
BOTTOM OF THE 7TH |
Syracuse Starks batting - Pitching for Bakersfield Nobles : RHP Armando Moreno
|
Now in LF: Joey Pinches
|
|
Now in RF: Gilberto Silva
|
|
Batting: RHB William Penn
|
0-0: Called Strike 0-1: Ball 1-1: Ball 2-1: Foul Ball, location: 2F 2-2: Foul Ball, location: 2F 2-2: Ground out 3-1 (Groundball, 34, EV 83.1 MPH)
|
Batting: RHB Olvido Doesburg
|
0-0: Ball 1-0: Swinging Strike 1-1: Ball 2-1: Fly out, F5 (Popup, 5SF, EV 80.0 MPH)
|
Batting: SHB Bill Gatacre
|
0-0: Called Strike 0-1: Ball 1-1: Foul Ball, location: 2F 1-2: Strikes out swinging
|
Bottom of the 7th over - 0 runs, 0 hits, 0 errors, 0 left on base; Bakersfield 3 - Syracuse 4 |
TOP OF THE 8TH |
Bakersfield Nobles batting - Pitching for Syracuse Starks : LHP Jake Mitchell
|
Batting: RHB Gilberto Silva
|
0-0: Swinging Strike 0-1: Ball 1-1: Foul Ball, location: 2F 1-2: Foul Ball, location: 2F 1-2: Strikes out swinging
|
Batting: RHB Kelsey Pérez
|
0-0: Ball 1-0: Called Strike 1-1: Ball 2-1: Ball 3-1: Foul Ball, location: 2F 3-2: DOUBLE (Line Drive, 3D, EV 103.1 MPH)
|
Pinch Hitting: RHB Joe Hurley
|
0-0: Called Strike 0-1: Ball 1-1: SINGLE (Groundball, 34D, EV 102.5 MPH) Kelsey Pérez to third Runner from 3rd tries for Home, SAFE, throw by RF to home
|
Pitching: RHP Harold Hunter
|
|
Batting: RHB José Gonzáles
|
0-0: Ball 1-0: Called Strike 1-1: Foul Ball, location: 2F 1-2: Strikes out looking
|
Batting: LHB Ernesto Valenzuela
|
0-0: Ball 1-0: Fly out, F8 (Flyball, 8LD, EV 91.2 MPH)
|
Top of the 8th over - 1 run, 2 hits, 0 errors, 1 left on base; Bakersfield 4 - Syracuse 4 |
BOTTOM OF THE 8TH |
Syracuse Starks batting - Pitching for Bakersfield Nobles : RHP Armando Moreno
|
Pitching: RHP Nicky Bogdan
|
|
Now at 1B: Seppo Kimmonen
|
|
Batting: RHB Jeffrey Sparks
|
0-0: Foul Ball, location: 2F 0-1: Swinging Strike 0-2: Fly out, F9 (Flyball, 9LS, EV 79.4 MPH)
|
Batting: LHB Sam Bickerton
|
0-0: Foul Ball, location: 2F 0-1: Called Strike 0-2: Ball 1-2: Ground out 4-3 (Groundball, 4, EV 92.5 MPH)
|
Batting: RHB Byron Ballard
|
0-0: Called Strike 0-1: Ball 1-1: SOLO HOME RUN (Flyball, 78XD, EV 105.0 MPH), Distance : 410 ft
|
Batting: RHB Bob Bray
|
0-0: Called Strike 0-1: Ball 1-1: Foul Ball, location: 2F 1-2: Ball 2-2: Ball 3-2: Base on Balls
|
Batting: RHB Ramiro Rivera
|
0-0: Called Strike 0-1: Ball 1-1: Called Strike 1-2: 2-RUN HOME RUN (Flyball, 9D, EV 96.9 MPH), Distance : 375 ft
|
Batting: RHB Jesús Odilia
|
0-0: Called Strike 0-1: Swinging Strike 0-2: Strikes out looking
|
Bottom of the 8th over - 3 runs, 2 hits, 0 errors, 0 left on base; Bakersfield 4 - Syracuse 7 |
TOP OF THE 9TH |
Bakersfield Nobles batting - Pitching for Syracuse Starks : RHP Harold Hunter
|
Pitching: RHP Miguel Bruno
|
|
Batting: SHB Dave Scott
|
0-0: Called Strike 0-1: Swinging Strike 0-2: Ball 1-2: Ball 2-2: Foul Ball, location: 2F 2-2: Ground out U3 (Groundball, 3, EV 95.0 MPH)
|
Batting: RHB Joey Pinches
|
0-0: Ball 1-0: Ball 2-0: Foul Ball, location: 2F 2-1: Ball 3-1: Called Strike 3-2: Foul Ball, location: 2F 3-2: Ground out 5-3 (Groundball, 56, EV 100.6 MPH)
|
Batting: RHB Xue-liang Ci
|
0-0: Ball 1-0: Called Strike 1-1: Ball 2-1: Ball 3-1: Base on Balls
|
Batting: SHB José Altagracia
|
0-0: Called Strike 0-1: Called Strike 0-2: Ball 1-2: Ball 2-2: Foul Ball, location: 2F 2-2: Strikes out swinging
|
Top of the 9th over - 0 runs, 0 hits, 0 errors, 1 left on base; Bakersfield 4 - Syracuse 7 |
|